 Dungeon Crawl Stone Soup version 0.24.0-123-gd5b16e6ec5 (webtiles) character file.

Game seed: 5643357710772493727, levelgen mode: deterministic

1117 vurker the Magician (level 8, 0/45 HPs)
             Began as a Deep Elf Air Elementalist on Feb 5, 2020.
             Was a Follower of Vehumet.
             Slain by a seven-headed hydra (12 damage)
             ... on level 6 of the Dungeon.
             The game lasted 00:08:12 (6204 turns).

vurker the Magician (Deep Elf Air Elementalist)     Turns: 6204, Time: 00:08:13

Health: 0/45       AC:  6    Str:  5    XL:     8   Next: 12%
Magic:  12/20      EV: 12    Int: 23    God:    Vehumet [*.....]
Gold:   255        SH:  4    Dex: 15    Spells: 11/21 levels left

rFire    + . .     SeeInvis .   d - +1 dagger (venom)
rCold    + . .     Gourm    .   r - +0 buckler
rNeg     . . .     Faith    .   k - +1 robe {rF+}
rPois    .         Spirit   .   v - +0 helmet
rElec    .         Reflect  .   m - +0 cloak
rCorr    .         Harm     .   (no gloves)
MR       .....                  p - +0 pair of boots
Stlth    ++........             (no amulet)
HPRegen  0.15/turn              a - ring of protection from cold
MPRegen  0.17/turn              (no ring)

@: no status effects
A: no striking features
a: Renounce Religion


You were on level 6 of the Dungeon.
You worshipped Vehumet.
Vehumet was aware of your devotion.
You were near starving.

You visited 1 branch of the dungeon, and saw 6 of its levels.

You collected 255 gold pieces.

Inventory:

Hand Weapons
 d - a +1 dagger of venom (weapon)
   (You found it on level 4 of the Dungeon)
Armour
 k - a +1 robe of fire resistance (worn)
   (You took it off Jessica on level 2 of the Dungeon)
 m - a +0 cloak (worn)
   (You took it off Crazy Yiuf on level 2 of the Dungeon)
 p - a +0 pair of boots (worn)
   (You found it on level 5 of the Dungeon)
 r - a +0 buckler (worn)
   (You found it on level 3 of the Dungeon)
 v - a +0 helmet (worn)
   (You found it on level 6 of the Dungeon)
Jewellery
 a - a ring of protection from cold (left hand)
   (You found it on level 4 of the Dungeon)
Scrolls
 l - a scroll of remove curse
 o - a scroll of teleportation
Potions
 b - a potion of haste {unknown}
 c - 2 potions of heal wounds
 f - 2 potions of flight
 g - 3 potions of brilliance
 h - 3 potions of lignification
 i - a potion of degeneration {unknown}
 j - 2 potions of agility {unknown}
 n - 2 potions of curing
 q - a potion of cancellation {unknown}
 s - a potion of magic
Comestibles
 e - 7 rations


   Skills:
 + Level 2.4 Fighting
 - Level 2.4 Dodging
 - Level 2.4 Stealth
 + Level 2.1 Shields
 * Level 7.0 Spellcasting
 * Level 5.3 Conjurations
 * Level 5.7 Air Magic


You had 11 spell levels left.
You knew the following spells:

 Your Spells              Type           Power        Failure   Level  Hunger
a - Shock                 Conj/Air       ####         1%          1    None
b - Lightning Bolt        Conj/Air       ####......   28%         5    #####..
c - Airstrike             Air            ####......   9%          4    ###....

Your spell library contained the following spells:

 Spells                   Type           Power        Failure   Level  Hunger
 Sandblast                Erth           #.....       10%         1    None
 Static Discharge         Conj/Air       ####....     3%          3    None
 Swiftness                Chrm/Air       ###.....     4%          2    None


Dungeon Overview and Level Annotations

Branches:
Dungeon (6/15)             Temple (0/1) D:6

Altars:
Elyvilon
Makhleb
Nemelex Xobeh
Uskayaw
Vehumet
Zin
The Shining One


Message History

You can't see any susceptible monsters within range! (Use Z to cast anyway.)
You can't see any susceptible monsters within range! (Use Z to cast anyway.)
The worker ant is too close now for your liking.
Aim: a worker ant (heavily wounded)
The zap hits the plant but does no damage.
The zap misses the worker ant.
Aim: a worker ant (heavily wounded)
The zap hits the plant but does no damage.
The zap hits the worker ant.
Aim: a worker ant (severely wounded)
The zap hits the plant.
The zap hits the worker ant.
An ogre comes into view. It is wielding a +0 giant spiked club.
Aim: an ogre, wielding a +0 giant spiked club (hasn't noticed you)
The zap hits the plant!
The zap hits the ogre!
The ogre shouts!
Aim: an ogre, wielding a +0 giant spiked club (moderately wounded)
The zap hits the plant.
The zap hits the ogre.
Aim: an ogre, wielding a +0 giant spiked club (heavily wounded)
The zap hits the plant.
The zap hits the ogre.
Aim: an ogre, wielding a +0 giant spiked club (heavily wounded)
The zap hits the plant but does no damage.
The zap hits the ogre.
Aim: an ogre, wielding a +0 giant spiked club (severely wounded)
The zap hits the ogre.
The zap hits the ogre!
Aim: an ogre, wielding a +0 giant spiked club (almost dead)
The zap hits the ogre.
You kill the ogre!
Vehumet accepts your kill.
Your Spellcasting skill increases to level 7!
A seven-headed hydra comes into view.
The seven-headed hydra roars!
A seven-headed hydra is nearby!
Aim: a seven-headed hydra The air twists around and strikes the seven-headed hydra!
Aim: a seven-headed hydra (lightly wounded)
The air twists around and strikes the seven-headed hydra!
You are near starving!
You aren't carrying any items that you can evoke.
Unknown command.
The zap hits the seven-headed hydra. x2
The seven-headed hydra bites you but does no damage.
The seven-headed hydra barely misses you.
The seven-headed hydra bites you! x2
The seven-headed hydra barely misses you.
The seven-headed hydra closely misses you.
You block the seven-headed hydra's attack.
The zap hits the seven-headed hydra. x2; The seven-headed hydra bites you!
* * * LOW HITPOINT WARNING * * *
The seven-headed hydra bites you!
You die...

#.##.....#8...#.###..#
# ##...#######.###..#
##+## #......# #.#
#####.##
#.############.#
##.##...........# #.
##...#.########### ##.
##......# #...
#P†P..#@#
#....##.####D#
#...P#...#P#.#
#....>.....#
##P#...#P### ####.####
#P.P.# #.)#.# #..$....


You could see a seven-headed hydra.

Vanquished Creatures
  A phantom (D:4)
  An ogre (D:6)
  A scorpion (D:6)
  A wyvern skeleton (D:6)
  2 centaur zombies (D:6)
  A bullfrog zombie (D:6)
  3 hounds
  5 orc priests
  Crazy Yiuf (D:2)
  3 orc wizards
  2 centaur skeletons
  Jessica (D:2)
  Natasha (thrice) (D:4)
  2 worker ants
  A hound zombie (D:6)
  2 worker ant zombies (D:6)
  5 adders
  An ooze (D:2)
  An adder zombie (D:6)
  An adder skeleton (D:4)
  A dart slug (D:1)
  4 leopard geckos
  11 orcs
  9 bats
  2 giant cockroaches (D:4)
  6 goblins
  6 hobgoblins
  10 jackals
  8 kobolds
  A quokka (D:3)
  5 ball pythons
  4 frilled lizards
  A jackal zombie (D:6)
  8 rats
114 creatures vanquished.

Notes
Turn   | Place    | Note
-------+----------+-------------------------------------------
     0 | D:1      | vurker the Deep Elf Air Elementalist began the quest for
                  | the Orb.
     0 | D:1      | Reached XP level 1. HP: 10/10 MP: 6/6
   165 | D:1      | Reached XP level 2. HP: 15/15 MP: 0/8
   547 | D:1      | Reached XP level 3. HP: 20/20 MP: 5/10
  1200 | D:2      | Found a burning altar of Makhleb.
  1301 | D:2      | Found a white marble altar of Elyvilon.
  1301 | D:2      | Found a glowing silver altar of Zin.
  1301 | D:2      | Found a glowing golden altar of the Shining One.
  1382 | D:2      | Found a faded altar of an unknown god.
  1384 | D:2      | Noticed Jessica
  1390 | D:2      | Killed Jessica
  1390 | D:2      | Reached skill level 4 in Spellcasting
  1390 | D:2      | Reached XP level 4. HP: 24/24 MP: 7/12
  1727 | D:2      | Found a runed translucent door.
  1728 | D:2      | Noticed Crazy Yiuf
  1905 | D:2      | Killed Crazy Yiuf
  1905 | D:2      | Reached skill level 1 in Fighting
  2815 | D:4      | Noticed a phantom
  2925 | D:4      | Killed a phantom
  2925 | D:4      | Reached XP level 5. HP: 29/29 MP: 4/14
  3037 | D:4      | Reached skill level 5 in Spellcasting
  3266 | D:4      | Reached XP level 6. HP: 34/34 MP: 10/15
  3513 | D:4      | Noticed Natasha
  3519 | D:4      | Killed Natasha
  3567 | D:4      | Noticed Natasha
  3572 | D:4      | Killed Natasha
  3572 | D:4      | Reached skill level 1 in Shields
  3892 | D:4      | Noticed Natasha
  3896 | D:4      | Killed Natasha
  3925 | D:4      | Found a sparkling altar of Nemelex Xobeh.
  3976 | D:4      | Found a radiant altar of Vehumet.
  4141 | D:5      | Entered Level 5 of the Dungeon
  4458 | D:5      | Reached XP level 7. HP: 34/39 MP: 11/17
  4779 | D:5      | Found a hide-covered altar of Uskayaw.
  4825 | D:5      | Found a burning altar of Makhleb.
  4913 | D:4      | Became a worshipper of Vehumet
  4932 | D:5      | Reached skill level 5 in Air Magic
  4939 | D:5      | Learned a level 5 spell: Lightning Bolt
  4944 | D:5      | Learned a level 4 spell: Airstrike
  5016 | D:5      | Reached skill level 6 in Spellcasting
  5737 | D:6      | Reached skill level 5 in Conjurations
  5742 | D:6      | Reached * piety under Vehumet
  5742 | D:6      | Offered knowledge of Sandblast by Vehumet.
  6095 | D:6      | Reached XP level 8. HP: 45/45 MP: 16/20
  6118 | D:6      | Found a staircase to the Ecumenical Temple.
  6162 | D:6      | Reached skill level 7 in Spellcasting
  6192 | D:6      | Noticed a seven-headed hydra
  6204 | D:6      | Slain by a seven-headed hydra

Levels and vault maps discovered:
D:1:      minmay_arrival_four_circles, layout_basic,
          chequers_serial_rivers_micro_c
D:2:      layout_loops_cross, good_gods_mini_temple,
          chequers_ecumenical_altar_simple, bloody_makhleb, uniq_jessica,
          uniq_crazy_yiuf_cottage
D:3:      layout_basic, kennysheep_potato
D:4:      layout_basic, nemelex_xobeh_ov_fountains_minmay,
          nicolae_overflow_hidden_temple, uniq_natasha
D:5:      layout_basic, lemuel_round_altar, eat_drink_and_be_merry_uskayaw,
          first_ration, chequers_serial_rivers_micro_b
D:6:      layout_loops_corners, minmay_temple_entry_gardened_gates,
          serial_undead, serial_undead_b, serial_undead_e, serial_undead_c,
          serial_undead_b, serial_undead_c, serial_undead_b, serial_undead_e,
          doesnt_xom_only_xom

Skill      XL: |  1  2  3  4  5  6  7  8 |
---------------+-------------------------+-----
Conjurations   | 2 3 4 5 |  5.3
Spellcasting   | 4 5 6 7 |  7.0
Fighting       | 1 2 |  2.4
Air Magic      | 4 5 |  5.7
Shields        | 1 2 |  2.1
Dodging        | |  2.4
Stealth        | |  2.4

Action                   |  1- 3 |  4- 6 |  7- 9 || total
-------------------------+-------+-------+-------++-------
Melee: Dagger            |     8 |     3 |       ||    11
 Cast: Shock             |    72 |   149 |   120 ||   341
       Airstrike         |       |       |     3 ||     3
  Use: Scroll            |       |    11 |     2 ||    13
  Eat: Chunk             |     1 |     6 |     4 ||    11
       Ration            |       |     1 |       ||     1
Armor: Robe              |     5 |     2 |    12 ||    19
Dodge: Dodged            |    23 |    17 |    25 ||    65
Block: Buckler           |       |     5 |     5 ||    10
